 Dungeon Crawl Stone Soup version 0.30-a0-859-gf88a04b62d (webtiles) character file.

Game seed: 3436484972479228375

161 Dittersdorf the Shield-Bearer (level 5, -2/33 HPs)
             Began as a Gargoyle Fighter on Mar 6, 2023.
             Slain by a goblin
             ... wielding a +0 lajatang
             ... led by Robin
              (7 damage)
             ... on level 3 of the Dungeon.
             The game lasted 00:01:39 (1490 turns).

Dittersdorf the Shield-Bearer (Gargoyle Fighter)    Turns: 1490, Time: 00:01:40

Health: -2/33      AC: 16    Str: 22    XL:     5   Next: 42%
Magic:  5/5        EV:  7    Int:  8    God:
Gold:   83         SH:  4    Dex:  9    Spells: 4/4 levels left

rFire   . . .      SeeInvis .    a - +0 flail
rCold   . . .      Faith    .    c - +0 buckler
rNeg    + . .      Spirit   .    i - +0 chain mail
rPois   ∞          Reflect  .    (no helmet)
rElec   +          Rampage  .    e - +2 cloak
rCorr   .                        (no gloves)
Will    .....                    (no boots) Stlth
                                 (no amulet)
HPRegen 0.25/turn                (no ring)
MPRegen 0.09/turn                (no ring)

@: no status effects
A: sickness immunity, AC +4, negative energy resistance 1, electricity
resistance, torment resistance 1, petrification resistance
a: no special abilities


You were on level 3 of the Dungeon.
You visited 1 branch of the dungeon, and saw 3 of its levels.

You collected 83 gold pieces.

Inventory:

Hand Weapons
 a - a +0 flail (weapon)
Armour
 c - a +0 buckler (worn)
 e - a +2 cloak (worn)
 i - a +0 chain mail (worn)
Jewellery
 m - a ring of magical power
Scrolls
 f - a scroll of enchant armour {unknown}
 h - 5 scrolls of identify {unknown}
 j - a scroll of teleportation {unknown}
Potions
 b - a potion of lignification {unknown}
 d - a potion of might
 g - a potion of haste {unknown}
 k - a potion of curing {unknown}
 l - a potion of brilliance {unknown}
 n - a potion of attraction {unknown}


   Skills:
 + Level 4.3 Fighting
 + Level 3.1 Maces & Flails
 + Level 4.3 Armour
 + Level 4.3 Shields


You had 4 spell levels left.
You didn't know any spells.
Your spell library contained the following spells:

 Spells                   Type           Power      Damage    Failure   Level
 Beastly Appendage        Tmut           0%         N/A       99%         1
 Wereblood                Tmut           0%         N/A       100%        2
 Spider Form              Tmut/Pois      0%         N/A       100%        3


Dungeon Overview and Level Annotations

Branches:
Dungeon (3/15)

Altars:

Shops:
D:2 *[

Annotations:
D:3 Robin


Innate Abilities, Weirdness & Mutations

You are immune to sickness and miasma.
Your stone body is resilient. (AC +4)
You are immune to poison.
You resist negative energy. (rN+)
You are resistant to electric shocks. (rElec)
You are resistant to unholy torment.
You are immune to petrification.


Message History

You closely miss the goblin. The goblin closely misses you.
Robin says, "My army is invincible!"
Robin roars a battlecry!
The goblins go into a battle-frenzy!
The goblin hits you but does no damage. The goblin closely misses you.
A goblin comes into view. It is wielding a +0 dagger.
The goblin shouts!
You barely miss the goblin. The goblin hits you but does no damage.
The goblin barely misses you. Robin throws the goblin at you!
You hit the goblin.
You kill the goblin!
The goblin hits you but does no damage. x2
The goblin shouts!
You hit Robin.
Robin is moderately wounded.
Robin throws the goblin at you!
The goblin hits you but does no damage. x4
The goblin hits you with a +0 lajatang!
Robin roars a battlecry!
The goblin goes into a battle-frenzy!
The goblin hits you but does no damage.
You hit Robin.
Robin is heavily wounded.
The goblin hits you but does no damage. The goblin barely misses you.
The goblin hits you with a +0 dagger.
You barely miss Robin.
Robin is heavily wounded.
The goblin hits you but does no damage. The goblin barely misses you.
The goblin hits you but does no damage. Robin closely misses you.
You closely miss Robin.
Robin is heavily wounded.
Robin hits you but does no damage.
The goblin hits you but does no damage. x2
The goblin barely misses you. The goblin hits you but does no damage.
The goblin barely misses you. The goblin hits you with a +0 lajatang!
* * * LOW HITPOINT WARNING * * *
You closely miss Robin.
Robin is heavily wounded.
The goblin hits you with a +0 dagger.
* * * LOW HITPOINT WARNING * * *
The goblin hits you with a +0 lajatang!
You die...

g...####
#####.#........##
g.....# #.....#........#
g....####.....#..>.....#
##
.ggg..##....##........#
...
......##....##........#
....
#g....##....#...#######
....###gg..##....#.###
.......g.####.###g.#
#.##....#g# #ggg@g.#
#.##...g##.##.gg####
#.........#.#.g######
####....#....>.......
#########.##.##### ## .#
.# .# .#


You could see Robin, a hobgoblin (strong) and 6 goblins.

Vanquished Creatures
  A sky beast (D:2)
  A gnoll (D:1)
  An adder (D:2)
  A worm (D:2)
  2 dart slugs
  3 endoplasms
  3 giant cockroaches
  7 goblins
  7 hobgoblins
  3 jackals (D:1)
  A quokka (D:2)
  2 ball pythons
  4 bats
  A frilled lizard (D:3)
  5 kobolds
  3 rats
45 creatures vanquished.

Notes
Turn   | Place    | Note
-------+----------+-------------------------------------------
     0 | D:1      | Dittersdorf the Gargoyle Fighter began the quest for the
                  | Orb.
     0 | D:1      | Reached XP level 1. HP: 14/14 MP: 1/1
   298 | D:1      | Reached XP level 2. HP: 19/19 MP: 2/2
   392 | D:1      | Reached XP level 3. HP: 23/23 MP: 3/3
   864 | D:2      | Found Afoiseiff's Assorted Antiques.
   972 | D:2      | Reached XP level 4. HP: 27/29 MP: 4/4
  1030 | D:2      | Found Xiffe's Antique Armour Emporium.
  1337 | D:3      | Noticed a sky beast
  1351 | D:2      | Killed a sky beast
  1352 | D:2      | Reached XP level 5. HP: 23/33 MP: 5/5
  1459 | D:3      | Noticed Robin
  1490 | D:3      | Slain by a goblin

Illustrated notes

Levels and vault maps discovered:
D:1:      dpeg_arrival_leaves_temple_mockup, layout_basic, grunt_decor_fettered
D:2:      layout_rooms, serial_shops, shop, nicolae_shop_trees, minmay_cut_off
D:3:      layout_basic, mainiacjoe_overflow_paths, uniq_robin

Skill      XL: |  1  2  3  4 |
---------------+-------------+-----
Fighting       | 4 |  4.3
Maces & Flails | 3 |  3.1
Armour         | 4 |  4.3
Shields        | 4 |  4.3

Action                     |  1- 3 |  4- 6 || total
---------------------------+-------+-------++-------
  Melee: Flail             |    96 |    58 ||   154
 Armour: Scale mail        |    32 |       ||    32
         Chain mail        |    27 |    53 ||    80
  Dodge: Dodged            |    36 |    37 ||    73
  Block: Buckler           |    22 |    11 ||    33

Table legend: (Time is in decaauts)
 A = Elapsed time spent in this place.
 B = Non-inter-level travel time spent in this place.
 C = Inter-level travel time spent in this place.
 D = Time resting spent in this place.
 E = Time spent auto-exploring this place.
 F = Levels seen in this place.
 G = Mean time per level.
                   A        B        C        D        E       F      G
               +--------+--------+--------+--------+--------+-----+--------+
         Total |   1537 |   1470 |     67 |     31 |   1068 |   3 |  512.3 |
       Dungeon |   1537 |   1470 |     67 |     31 |   1068 |   3 |  512.3 |
               +--------+--------+--------+--------+--------+-----+--------+

Top non-repeatable levels by time:
     D:1: 882 daAuts
     D:2: 544 daAuts
     D:3: 110 daAuts
